 Zot Defence DCSS version 0.15.2 (webtiles) character file.

305172 Alipheese the Executioner (level 21, -10/217 (234) HPs)
             Began as a Naga Berserker on July 30, 2015.
             Was the Champion of Trog.
             Mangled by Puusad the deep troll earth mage (13 damage)
             ... in the Realm of Zot (Scenario II: Battle Heart).
             The game lasted 00:29:12 (5629 turns).

Alipheese the Executioner (Naga Berserker)          Turns: 5629, Time: 00:29:12

HP -10/217 (234) AC 16     Str 21      XL: 21   Next: 49%
MP  20/20        EV  7     Int 13 (17) God: Trog [******]
Gold 3           SH  0     Dex 11      Spells:  0 memorised, 20 levels left

rFire  . . .     SeeInvis +     l - +3 broad axe (vamp)
rCold  . . .     Clarity  .     q - +6 scale mail of Listlessness {Int+1}
rNeg   . . .     rCorr    .     (no shield)
rPois  +         rRot     .     (no helmet)
rElec  .         Spirit   .     (no cloak)
SustAb .         Warding  .     (no gloves)
rMut   .         Stasis   .     (no barding)
Gourm  .                        (no amulet)
MR     ++...                    (no ring)
                                (no ring)

@: very slow, very resistant to hostile enchantments, extremely unstealthy
A: spit poison, constrict 1, see invisible, deformed body, poison resistance,
slowness 2, AC +7
a: Make oklob sapling, Make arrow trap, Make plant, Remove Curse, Make burning
bush, Make altar, Make grenades, Make oklob plant, Make net trap, Make ice
statue, Make spear trap, Make alarm trap, Make mushroom circle, Make bolt trap,
Make crystal statue, Make needle trap, Zot-teleport, Make water, Make lightning
spire, Make silver statue, Make bazaar, Acquire gold, Spit Poison, Burn
Spellbooks, Berserk, Trog's Hand, Brothers in Arms, Renounce Religion
}: 1/15 runes: glowing


You were in the Realm of Zot.
You worshipped Trog.
Trog was exalted by your worship.
You were not hungry.

You visited 1 branch You collected 3 gold pieces.

Inventory:

Hand weapons
 k - a +4 dagger of chaos
 l - a +3 vampiric broad axe (weapon)
 m - a cursed +4 antimagic executioner's axe
 r - a +4 antimagic battleaxe
Armour
 i - the +4 dragonskin cloak
   (You took it off Tiamat in the Realm of Zot)
 n - a +0 chain mail
 q - the +6 scale mail of Listlessness (worn) {Int+1}
   (You found it in the Realm of Zot)

   It affects your intelligence (+1).
Magical devices
 a - a wand of random effects (15)
 j - a wand of random effects (18)
Comestibles
 d - a bread ration
Potions
 c - 2 potions of curing
 e - 2 potions of heal wounds
 f - a potion of haste
 g - 2 potions of magic
 h - a potion of berserk rage
 s - 4 potions of blood
Books
 b - a book of Wizardry

   Spells                             Type                      Level
   Agony                              Necromancy                   5
   Force Lance                        Conjuration                  5
   Dispersal                          Translocation                6
   Haste                              Charms                       6
   Invisibility                       Hexes                        6
   Spellforged Servitor               Conjuration/Summoning        7
   Trog disapproves of the use of such an item.
 o - a book of Beasts

   Spells                             Type                      Level
   Summon Butterflies                 Summoning                    1
   Call Canine Familiar               Summoning                    3
   Summon Ice Beast                   Ice/Summoning                4
   Summon Mana Viper                  Hexes/Summoning              5
   Monstrous Menagerie                Summoning                    6
   Summon Hydra                       Summoning                    7
   Trog disapproves of the use of such an item.
 p - a tome of Destruction


   Skills:
 + Level 24.2 Fighting
 + Level 24.4 Axes
 - Level 2.3 Armour
 - Level 2.2 Dodging


You had 20 spell levels left.
You didn't know any spells.

Dungeon Overview and Level Annotations

Branches:
    Zot (1/1)

Altars:


Innate Abilities, Weirdness & Mutations

You cannot wear boots.
You can spit poison.
You can use your snake-like lower body to constrict enemies.
Your serpentine skin is tough (AC +7).
You have supernaturally acute eyesight.
Armour fits poorly on your strangely shaped body.
Your system is resistant to poisons.
You cover ground very slowly.


Message History

Puusad closely misses you. Puusad claws you!
* * * LOW HITPOINT WARNING * * *
You are too injured to fight recklessly!
Unknown command.
You barely miss the tengu warrior.
The tengu warrior is lightly wounded.
You barely miss Puusad. You grab Puusad.
Puusad is moderately wounded.
You slice the griffon!!
The griffon is heavily wounded.
You constrict Puusad, but do no damage. Puusad bites you!
* * * LOW HITPOINT WARNING * * *
Puusad claws you!
* * * LOW HITPOINT WARNING * * *
Puusad claws you!
* * * LOW HITPOINT WARNING * * *
A mottled dragon comes into view.
You release your grip on Puusad.
Puusad barely misses you. Puusad claws you but does no damage.
Puusad claws you!
You die...

*** ***,,,,,, * ***,,,, ***,, **,
###** **##******* ....#######
#######....,,,,,, .......)Wc###
###Q)).......,,,***
######[[)yWW###H)))[.######****
##)[.[))[)#b)@T))(.##
#.......(TT))(......#
#.........))[.......# **
#..........[).......# *****, *
##........[.(......D.## **,,,,,
**#..........[...[....H.#**,,,,,,
,,..##.......)(..)...#....,,,,,,,
,,*#*##...§.).......#####...,,,,,
*** ###..§§§....### *##,,,,,,


You could see a griffon, a tengu warrior, a deep troll, a manticore, Puusad the
deep troll earth mage, a deep troll shaman, a raven shaped shifter and a mottled
dragon.

Vanquished Creatures
  Tiamat (Zot)
  Saint Roka (Zot)
  the Lernaean hydra (Zot)
  Xtahua (Zot)
  A stone giant (Zot)
  A dire elephant (Zot)
  An emperor scorpion (Zot)
  A draconian knight (Zot)
  4 large abominations (Zot)
  7 very ugly things (Zot)
  A draconian caller (Zot)
  A yellow draconian (Zot)
  2 red draconians (Zot)
  A deep elf annihilator (Zot)
  2 mottled draconians (Zot)
  A merfolk impaler (Zot)
  2 fire dragons (Zot)
  A very ugly thing zombie (Zot)
  3 ettins (Zot)
  A yaktaur captain (Zot)
  5 hydras (Zot)
  An ice dragon (Zot)
  5 ogre magi (Zot)
  10 centaur warriors (Zot)
  A siren (Zot)
  6 anacondas (Zot)
  A deep troll earth mage (Zot)
  8 tengu warriors (Zot)
  2 naga sharpshooters (Zot)
  2 orc high priests (Zot)
  A griffon (Zot)
  4 red wasps (Zot)
  10 deep elf knights (Zot)
  A sea snake (shapeshifter) (Zot)
  2 deep trolls (Zot)
  A wolf spider (Zot)
  3 wizards (Zot)
  3 death drakes (Zot)
  A naga ritualist (Zot)
  A sea snake (Zot)
  3 anaconda zombies (Zot)
  5 hell beasts (Zot)
  A lindwurm (shapeshifter) (Zot)
  A deep elf summoner (Zot)
  11 deep elf conjurers (Zot)
  8 mana vipers (Zot)
  An orc sorcerer (Zot)
  21 hill giants (Zot)
  4 necromancers (Zot)
  25 ugly things (Zot)
  2 stone giant zombies (Zot)
  A draconian zombie (Zot)
  A fire giant zombie (Zot)
  4 salamanders (Zot)
  2 manticores (Zot)
  A sphinx skeleton (Zot)
  A kobold demonologist (Zot)
  8 black mambas (Zot)
  A water nymph (Zot)
  2 centaur zombies (Zot)
  3 cyclopes (Zot)
  2 stone giant skeletons (Zot)
  A black mamba (shapeshifter) (Zot)
  A frost giant skeleton (Zot)
  A guardian serpent (shapeshifter) (Zot)
  11 trolls (Zot)
  4 spiny frogs (Zot)
  A mottled draconian zombie (Zot)
  3 iron devils (Zot)
  A red draconian zombie (Zot)
  32 yaktaurs (Zot)
  2 polar bears (Zot)
  Psyche (Zot)
  A yellow draconian zombie (Zot)
  An efreet (Zot)
  A komodo dragon (shapeshifter) (Zot)
  7 two-headed ogres (Zot)
  3 komodo dragons (Zot)
  6 fire drakes (Zot)
  7 yaktaur zombies (Zot)
  A sea snake skeleton (Zot)
  2 freezing wraiths (Zot)
  2 hydra zombies (Zot)
  A guardian mummy (Zot)
  2 blue devils (Zot)
  5 tengu conjurers (Zot)
  4 wind drakes (Zot)
  8 slime creatures (Zot)
  4 deep elf priests (Zot)
  4 merfolk (Zot)
  Prince Ribbit (Zot)
  A fire giant simulacrum (Zot)
  A polar bear (shapeshifter) (Zot)
  A harpy skeleton (Zot)
  2 hippogriffs (Zot)
  2 snapping turtles (Zot)
  14 blink frogs (Zot)
  9 flying skulls (Zot)
  6 wyverns (Zot)
  A raven (shapeshifter) (Zot)
  A basilisk (shapeshifter) (Zot)
  22 ravens (Zot)
  3 shadows (Zot)
  4 small abominations (Zot)
  A deep troll skeleton (Zot)
  2 black mamba zombies (Zot)
  A redback (shapeshifter) (Zot)
  10 deep elf magi (Zot)
  A hill giant zombie (Zot)
  A human (shapeshifter) (Zot)
  7 yaks (Zot)
  A chaos spawn (Zot)
  13 vampires (Zot)
  2 hill giant skeletons (Zot)
  8 wraiths (Zot)
  2 necrophages (Zot)
  2 neqoxecs (Zot)
  12 deep elf fighters (Zot)
  A yaktaur simulacrum (Zot)
  A human zombie (Zot)
  A black mamba skeleton (Zot)
  3 hungry ghosts (Zot)
  3 raven zombies (Zot)
  2 wargs (Zot)
  8 vampire mosquitoes (Zot)
  A tengu zombie (Zot)
  A deep troll zombie (Zot)
  A mottled dragon (Zot)
  8 water moccasins (Zot)
  7 ogre zombies (Zot)
  2 ogre skeletons (Zot)
  A water nymph skeleton (Zot)
  7 black bears (Zot)
  7 nagas (Zot)
  A tengu skeleton (Zot)
  Purgy (Zot)
  4 swamp drakes (Zot)
  4 boggarts (Zot)
  2 red wasp simulacra (Zot)
  7 orc warriors (Zot)
  A yellow wasp (Zot)
  3 phantoms (Zot)
  13 ice beasts (Zot)
  3 elf skeletons (Zot)
  A centaur (Zot)
  Sigmund (Zot)
  A brain worm (Zot)
  17 giant frogs (Zot)
  22 ogres (Zot)
  A salamander zombie (Zot)
  2 insubstantial wisps (Zot)
  8 wights (Zot)
  5 gnoll sergeants (Zot)
  2 yaktaur skeletons (Zot)
  A cyclops zombie (Zot)
  A salamander skeleton (Zot)
  A glowing shapeshifter simulacrum (Zot)
  2 scorpions (Zot)
  2 deep troll simulacra (Zot)
  A water moccasin skeleton (Zot)
  4 killer bees (Zot)
  7 jellies (Zot)
  2 crimson imps (Zot)
  A two-headed ogre zombie (Zot)
  2 quasits (Zot)
  2 orange rats (Zot)
  6 elf zombies (Zot)
  A hound (Zot)
  2 orc priests (Zot)
  A giant frog skeleton (Zot)
  5 gnoll shamans (Zot)
  2 iron imps (Zot)
  An iguana (Zot)
  5 worker ants (Zot)
  A crocodile zombie (Zot)
  3 naga zombies (Zot)
  A necrophage skeleton (Zot)
  A mummy (Zot)
  A worker ant zombie (Zot)
  6 adders (Zot)
  36 gnolls (Zot)
  7 orc zombies (Zot)
  2 orc skeletons (Zot)
  2 giant mites (Zot)
  5 worms (Zot)
  3 shadow imps (Zot)
  4 giant geckos (Zot)
  4 oozes (Zot)
  13 orcs (Zot)
  10 bats (Zot)
  A giant cockroach (Zot)
  3 goblins (Zot)
  4 hobgoblins (Zot)
  6 jackals (Zot)
  3 ball pythons (Zot)
  4 giant newts (Zot)
  A giant spore (Zot)
  8 kobolds (Zot)
  20 rats (Zot)
  12 butterflies (Zot)
  6 crawling corpses (Zot)
  9 plants (Zot)
836 creatures vanquished.

Vanquished Creatures (collateral kills)
  A draconian scorcher (Zot)
  A black draconian (Zot)
  An orc high priest (Zot)
  A yaktaur (Zot)
  A komodo dragon (Zot)
  A fire drake (Zot)
  A blue devil (Zot)
  A raven (Zot)
  A deep elf mage (Zot)
  2 hell beasts (Zot)
  2 deep elf fighters (Zot)
  A swamp drake (Zot)
  3 orc warriors (Zot)
  An ice beast (Zot)
  A yaktaur zombie (Zot)
  2 elf zombies (Zot)
  An orc priest (Zot)
  An orc wizard (Zot)
  2 orc zombies (Zot)
  An orc (Zot)
  A butterfly (Zot)
27 creatures vanquished.

Vanquished Creatures (others)
  A very ugly thing skeleton (Zot)
  13 burning bushes (Zot)
  A raven (Zot)
  An elf zombie (Zot)
  A deep elf fighter (Zot)
  An orc warrior (Zot)
  A yaktaur skeleton (Zot)
  A giant spore (Zot)
  An orc skeleton (Zot)
  2 butterflies (Zot)
  2 crawling corpses (Zot)
25 creatures vanquished.

Grand Total: 888 creatures vanquished

Notes
Turn   | Place    | Note
--------------------------------------------------------------
     0 | Zot      | Alipheese, the Naga Berserker, began the quest for the Orb.
     0 | Zot      | Reached XP level 1. HP: 21/21 MP: 1/1
   220 | Zot      | Noticed Wuub
   336 | Zot      | Killed Wuub the wyvern
   336 | Zot      | Reached skill level 5 in Fighting
   336 | Zot      | Reached skill level 5 in Axes
   336 | Zot      | Reached XP level 2. HP: 26/32 MP: 2/2
   336 | Zot      | Reached XP level 3. HP: 31/39 MP: 3/3
   336 | Zot      | Reached XP level 4. HP: 36/46 MP: 4/4
   336 | Zot      | Reached XP level 5. HP: 40/52 MP: 5/5
   336 | Zot      | Reached XP level 6. HP: 46/61 MP: 6/6
   453 | Zot      | Reached XP level 7. HP: 67/67 MP: 7/7
   626 | Zot      | Noticed Xebrezez
   654 | Zot      | Acquired Trog's second power
   686 | Zot      | Killed Xebrezez the hippogriff
   686 | Zot      | Reached skill level 6 in Fighting
   686 | Zot      | Reached XP level 8. HP: 75/78 MP: 8/8
   738 | Zot      | Reached skill level 7 in Axes
  1102 | Zot      | Noticed Purgy
  1128 | Zot      | Killed Purgy
  1128 | Zot      | Reached skill level 8 in Axes
  1139 | Zot      | Reached XP level 9. HP: 88/88 MP: 9/9
  1179 | Zot      | Received a gift from Trog
  1285 | Zot      | Reached skill level 9 in Fighting
  1326 | Zot      | Noticed Sigmund
  1347 | Zot      | Killed Sigmund
  1401 | Zot      | Reached skill level 10 in Axes
  1405 | Zot      | Reached skill level 10 in Fighting
  1405 | Zot      | Reached XP level 10. HP: 99/102 MP: 10/10
  1449 | Zot      | Acquired Trog's third power
  1585 | Zot      | Reached skill level 11 in Fighting
  1635 | Zot      | Noticed Psyche
  1677 | Zot      | Killed Psyche
  1677 | Zot      | Reached XP level 11. HP: 104/112 MP: 11/11
  1700 | Zot      | Reached skill level 12 in Axes
  1895 | Zot      | Reached skill level 13 in Axes
  1924 | Zot      | Reached XP level 12. HP: 45/125 MP: 12/12
  2021 | Zot      | Received a gift from Trog
  2215 | Zot      | Got a glowing rune of Zot
  2244 | Zot      | Reached skill level 14 in Axes
  2322 | Zot      | Noticed a white very ugly thing
  2323 | Zot      | Noticed a white very ugly thing
  2353 | Zot      | Reached XP level 13. HP: 132/132 MP: 13/13
  2374 | Zot      | Reached skill level 15 in Axes
  2383 | Zot      | Killed a white very ugly thing
  2383 | Zot      | Reached skill level 15 in Fighting
  2391 | Zot      | Killed a cyan very ugly thing
  2516 | Zot      | Received a gift from Trog
  2608 | Zot      | Reached skill level 16 in Axes
  2796 | Zot      | Reached XP level 14. HP: 140/140 MP: 14/14
  2918 | Zot      | Noticed a tentacled monstrosity
  2919 | Zot      | Noticed an electric golem
  2922 | Zot      | Noticed a golden dragon
  2924 | Zot      | Noticed a tentacled monstrosity
  2927 | Zot      | Noticed a tentacled monstrosity
  2927 | Zot      | Noticed a grey draconian scorcher
  2937 | Zot      | Noticed a black draconian monk
  2939 | Zot      | Noticed a black draconian shifter
  3124 | Zot      | Reached skill level 17 in Axes
  3131 | Zot      | Received a gift from Trog
  3140 | Zot      | Noticed the 27-headed Lernaean hydra
  3211 | Zot      | Killed the 26-headed Lernaean hydra
  3211 | Zot      | Reached XP level 15. HP: 150/150 MP: 15/15
  3235 | Zot      | Noticed Xtahua
  3277 | Zot      | Killed Xtahua
  3277 | Zot      | Reached skill level 18 in Axes
  3327 | Zot      | Noticed Prince Ribbit
  3355 | Zot      | Killed Prince Ribbit
  3477 | Zot      | Received a gift from Trog
  3624 | Zot      | Reached XP level 16. HP: 157/157 MP: 16/16
  3772 | Zot      | Reached skill level 19 in Axes
  3904 | Zot      | Received a gift from Trog
  3951 | Zot      | Got a smoking scale mail
  3972 | Zot      | Identified the +6 scale mail of Listlessness {Int+1} (You found it in the Realm of Zot)
  4065 | Zot      | Reached XP level 17. HP: 104/167 MP: 17/17
  4083 | Zot      | Reached skill level 20 in Axes
  4141 | Zot      | Noticed Tiamat
  4345 | Zot      | Received a gift from Trog
  4375 | Zot      | Reached skill level 21 in Axes
  4378 | Zot      | Reached XP level 18. HP: 179/179 MP: 18/18
  4422 | Zot      | Killed Tiamat
  4534 | Zot      | Noticed Saint Roka
  4577 | Zot      | Killed Saint Roka
  4578 | Zot      | Reached skill level 22 in Axes
  4614 | Zot      | Reached XP level 19. HP: 180/191 MP: 18/18
  4714 | Zot      | Received a gift from Trog
  5012 | Zot      | Reached skill level 23 in Axes
  5020 | Zot      | Reached XP level 20. HP: 203/203 MP: 19/19
  5050 | Zot      | Received a gift from Trog
  5455 | Zot      | Reached XP level 21. HP: 207/215 MP: 20/20
  5464 | Zot      | Reached skill level 24 in Axes
  5537 | Zot      | Received a gift from Trog
  5628 | Zot      | HP: 3/217 [Puusad the deep troll earth mage (10)]
  5629 | Zot      | Mangled by Puusad the deep troll earth mage

Action                   |  1- 3 |  4- 6 |  7- 9 | 10-12 | 13-15 | 16-18 | 19-21 || total
-------------------------+-------+-------+-------+-------+-------+-------+-------++-------
Melee: Hand axe          |    31 |    95 |   342 |   370 |       |       |       ||   838
       Battleaxe         |       |       |       |    91 |       |       |       ||    91
       Broad axe         |       |       |       |    88 |   633 |   739 |   707 ||  2167
Invok: Trog's Hand       |       |       |       |     1 |       |     3 |       ||     4
 Abil: Make plant        |       |       |       |     9 |       |       |       ||     9
       Zot-teleport      |       |       |       |       |       |     5 |       ||     5
       Make burning bush |       |       |       |       |       |    13 |       ||    13
Evoke: Wand              |       |       |     1 |       |       |       |       ||     1
  Use: Potion            |       |       |       |       |     1 |       |       ||     1
       Scroll            |       |       |       |       |       |     1 |       ||     1
 Stab: Distracted        |       |       |       |       |       |     4 |       ||     4
